 Dungeon Sprint DCSS version 0.15-a0-1798-g4683f23 (webtiles) character file.

218618 BluebellGnoll the Acrobat (level 16, -13/198 HPs)
             Began as a High Elf Fire Elementalist on June 29, 2014.
             Was an Elder of Makhleb.
             Mangled by Mennas
             ... wielding a +1 blessed falchion of holy wrath
              (15 damage)
             ... in the Dungeon (Sprint IX: "|||||||||||||||||||||||||||||") on June 30, 2014.
             The game lasted 03:02:26 (15650 turns).

BluebellGnoll the Acrobat (HEFE)                   Turns: 15650, Time: 03:02:26

HP -13/198       AC  9     Str 16      XL: 16   Next: 60%
MP  38/43        EV 33     Int 23      God: Makhleb [****..]
Gold 827         SH  0     Dex 21      Spells: 13 memorised, 17 levels left

rFire  + . .     SeeInvis .     s - +2 cutlass of Currency {drain, rElec rPois MR+ Str+4 Stlth++}
rCold  + . .     Clarity  .     a - +2 robe {MR+}
rNeg   . . .     rCorr    .     (no shield)
rPois  +         rRot     .     z - +2 hat
rElec  +         Spirit   .     S - +0 cloak {rPois}
SustAb .         Warding  .     t - +0 pair of gloves {Dex+3}
rMut   .         NoTele   +     H - +0 pair of boots
Gourm  .                        r - amulet of Qoujamom {+Rage rC+ Int-2}
MR     ++++.                    q - ring of Xom's Passing Interest {MR+ Regen}
                                C - ring of protection from fire

@: berserking (expiring), very slightly contaminated, glowing, silenced, very
quick, incredibly resistant to hostile enchantments, extremely unstealthy
A: no striking features
a: Evoke Berserk Rage
}: 5/15 runes: decaying, serpentine, barnacled, silver, gossamer


You were in the Dungeon.
You worshipped Makhleb.
Makhleb was greatly pleased with you.
You were not hungry.

You visited 1 branch You collected 1940 gold pieces.
You spent 1113 gold pieces at shops.

Inventory:

Hand weapons
 s - the +2 cutlass of Currency (weapon) {drain, rElec rPois MR+ Str+4 Stlth++}
   (You found it in the Dungeon)

   A truly terrible weapon, it drains the life of those it strikes.
   It affects your strength (+4).
   It insulates you from electricity.
   It protects you from poison.
   It affects your resistance to hostile enchantments.
   It makes you much more stealthy.
Missiles
 d - 3 tomahawks
 p - 29 javelins
 u - 6 javelins of returning
 E - 13 poisoned javelins (quivered)
Armour
 a - a +2 robe of magic resistance (worn)
 t - a +0 pair of gloves of dexterity (worn)
 z - a +2 hat (worn)
 H - a +0 pair of boots (worn)
 S - a +0 cloak of poison resistance (worn)
Magical devices
 l - a wand of cold (5)
 o - a wand of magic darts (11)
 D - a wand of hasting (2)
 I - a wand of teleportation (6)
 T - a wand of slowing (11)
Comestibles
 c - 13 bread rations
 F - 25 fruits
 G - 13 meat rations
Scrolls
 h - 5 scrolls of remove curse
 i - a scroll of blinking
 k - 3 scrolls of amnesia
 y - 2 scrolls of identify
 A - 11 scrolls of fear
 M - a scroll of immolation
 N - 3 scrolls of recharging
 Q - 2 scrolls of enchant weapon
 X - 4 scrolls of fog
Jewellery
 j - an uncursed ring of protection from magic
 n - an uncursed ring of ice
 q - the ring of Xom's Passing Interest (right hand) {MR+ Regen}
   (You found it in the Dungeon)

   [ring of regeneration]

   It affects your resistance to hostile enchantments.
   It increases your rate of regeneration.
 r - the amulet of Qoujamom (around neck) {+Rage rC+ Int-2}
   (You found it in the Dungeon)

   [amulet of rage]

   It affects your intelligence (-2).
   It protects you from cold.
   It lets you go berserk.
 B - an uncursed ring of see invisible
 C - a ring of protection from fire (left hand)
 J - the ring of Yguocvit {Dex+3 Int+3}
   (You found it in the Dungeon)

   [ring of intelligence]

   It affects your intelligence (+3).
   It affects your dexterity (+3).
 K - an uncursed amulet of resist mutation
 L - an uncursed ring of wizardry
 R - a +4 ring of slaying
Potions
 e - 12 potions of heal wounds
 f - 6 potions of curing
 g - 2 potions of magic
 v - 3 potions of resistance
 O - a potion of cure mutation
 P - a potion of berserk rage
 W - 2 potions of brilliance
Books
 b - a book of Flames

   Spells                             Type                      Level
   *Flame Tongue                      Conjuration/Fire             1
   *Throw Flame                       Conjuration/Fire             2
   *Conjure Flame                     Conjuration/Fire             3
   *Inner Flame                       Hexes/Fire                   3
   *Sticky Flame                      Conjuration/Fire             4
   *Fireball                          Conjuration/Fire             5
 x - a book of Conjurations

   Spells                             Type                      Level
   Magic Dart                         Conjuration                  1
   *Searing Ray                       Conjuration                  2
   *Dazzling Spray                    Conjuration/Hexes            3
   *Fulminant Prism                   Conjuration/Hexes            4
   *Iskenderun's Mystic Blast         Conjuration                  4
   *Iskenderun's Battlesphere         Conjuration/Charms           5
 Z - Vocided's Incunabulum of Protection and Feathers
   (You found it in the Dungeon)

   Spells                             Type                      Level
   Shroud of Golubria                 Charms/Translocation         2
   *Repel Missiles                    Charms/Air                   2
   *Airstrike                         Air                          4
   Haste                              Charms                       6
   Conjure Ball Lightning             Conjuration/Air              6
Magical staves
 m - an uncursed staff of energy
 Y - an uncursed staff of air {unknown}


   Skills:
 - Level 19.5 Fighting
 - Level 20.9 Short Blades
 - Level 20.9 Throwing
 - Level 22.3 Dodging
 - Level 19.0 Stealth
 - Level 22.1 Spellcasting
 * Level 14.9 Conjurations
 * Level 9.3 Charms
 - Level 9.7 Fire Magic
 * Level 9.0 Air Magic
 - Level 10.1 Invocations


You had 17 spell levels left.
You knew the following spells:

 Your Spells              Type           Power        Failure   Level  Hunger
a - Flame Tongue          Conj/Fire      #####        0%          1    None
b - Throw Flame           Conj/Fire      ######       0%          2    None
c - Conjure Flame         Conj/Fire      ######..     1%          3    None
d - Inner Flame           Hex/Fire       #####...     1%          3    None
e - Sticky Flame          Conj/Fire      ######..     1%          4    None
f - Fireball              Conj/Fire      ######....   1%          5    None
g - Dazzling Spray        Conj/Hex       ######..     1%          3    None
h - Iskenderun's Battles  Conj/Chrm      ######..     1%          5    None
i - Iskenderun's Mystic   Conj           #######.     1%          4    None
j - Fulminant Prism       Conj/Hex       ######....   1%          4    None
k - Searing Ray           Conj           ######       0%          2    None
l - Repel Missiles        Chrm/Air       ######       1%          2    None
m - Airstrike             Air            ######....   1%          4    None


Dungeon Overview and Level Annotations

Branches:
Dungeon (1/1)

Altars:
Cheibriados
Dithmenos
Elyvilon
Fedhas
Gozag
Kikubaaqudgha
Makhleb
Nemelex Xobeh
Okawaru
Qazlal
Sif Muna
Trog
Vehumet
Xom
Yredelemnul
Zin
The Shining One
Beogh
Jiyva
Lugonu

Shops:
D ?%*%

Annotations:
D Frederick, Mennas, Nikola, Norris


Message History

* * * LOW HITPOINT WARNING * * *
Mennas hits you with a blessed falchion of holy wrath!
* * * LOW HITPOINT WARNING * * *
You slash Mennas!
Mennas is almost dead.
Mennas burns!
Mennas blocks your attack.
Mennas is almost dead.
Mennas completely misses you.
Mennas hits you with a blessed falchion of holy wrath.
* * * LOW HITPOINT WARNING * * *
You barely miss Mennas.
Mennas is almost dead.
Mennas burns!
You closely miss Mennas.
Mennas is almost dead.
Mennas hits you with a blessed falchion of holy wrath.
* * * LOW HITPOINT WARNING * * *
Mennas hits you with a blessed falchion of holy wrath!
You die...

▓▓▓▓▓▓▓▓▓▓▓▓▓▓▓▓▓
▓..[.pA....(@..@@
▓.▓▓▓▓▓▓▓▓▓▓▓▓▓▓▓▓▓▓▓▓▓▓▓▓▓▓▓
▓......'...........[).[...(..
▓▓▓▓▓▓▓▓▓▓▓▓▓▓▓▓▓▓▓▓▓▓▓▓▓▓▓▓▓
▓...........@A...............
▓.▓▓▓▓▓▓▓▓▓▓▓▓▓▓▓▓▓▓▓▓▓▓▓▓▓▓▓
▓...'....)...)'.=....((..)..[
▓▓▓▓▓▓▓▓▓▓▓▓▓▓▓▓▓▓▓▓▓▓▓▓▓▓▓▓▓
▓............................
▓.▓▓▓▓▓▓▓▓▓▓▓▓▓▓▓▓▓▓▓▓▓▓▓▓▓▓▓
▓....'.............'.[[......
▓▓▓▓▓▓▓▓▓▓▓▓▓▓▓▓▓▓▓▓▓▓▓▓▓▓▓▓▓
▓............................


You could see Mennas (burning).

Vanquished Creatures
  Margery (D)
  A tentacled monstrosity (D)
  A sphinx (D)
  6 shadow dragons (D)
  3 greater nagas (D)
  2 ghost moths (D)
  3 vault wardens (D)
  A fire giant (D)
  2 cacodemons (D)
  7 emperor scorpions (D)
  4 stone giants (D)
  A vampire knight (D)
  2 dire elephants (D)
  A merfolk impaler (D)
  10 vault guards (D)
  4 merfolk javelineers (D)
  4 ironheart preservers (D)
  An ettin (D)
  3 rakshasas (D)
  9 hydras (D)
  Harold (D)
  4 naga warriors (D)
  A spriggan air mage (D)
  4 ice dragons (D)
  3 merfolk aquamancers (D)
  An ogre mage (D)
  A deep troll earth mage (D)
  An anaconda (D)
  A death yak (D)
  6 centaur warriors (D)
  A shock serpent (D)
  Erolcha (D)
  2 sea snakes (D)
  A shadow wraith (D)
  A wizard (D)
  An orb spider (D)
  A deep troll (D)
  A hell knight (D)
  A giant orange brain (D)
  A spriggan druid (D)
  An unseen horror (D)
  4 necromancers (D)
  A deep elf conjurer (D)
  3 ironbrand convokers (D)
  5 orc knights (D)
  Joseph (D)
  5 swamp dragons (D)
  2 griffons (D)
  2 hill giants (D)
  10 orc sorcerers (D)
  3 wolf spiders (D)
  2 black mambas (D)
  2 manticores (D)
  A red wasp (D)
  A guardian serpent (D)
  A black mamba (shapeshifter) (D)
  An elephant (D)
  A mermaid (D)
  A vault sentinel (D)
  2 naga magi (D)
  Psyche (D)
  2 komodo dragons (D)
  A demonic crawler (D)
  4 spiny frogs (D)
  A yaktaur (D)
  A fire drake (shapeshifter) (D)
  A deep elf priest (D)
  A giant leech (D)
  3 human zombies (D)
  3 slime creatures (D)
  A raven (D)
  2 trapdoor spiders (D)
  A two-headed ogre (D)
  2 blink frogs (D)
  A merfolk (D)
  2 spriggans (D)
  3 jumping spiders (D)
  A redback (D)
  2 yaks (D)
  Eustachio (D)
  2 water elementals (D)
  2 ugly things (D)
  2 hippogriffs (D)
  A wolf (D)
  5 vampire mosquitoes (D)
  2 nagas (D)
  A water moccasin (D)
  A porcupine (D)
  An ice beast (D)
  12 orc warriors (D)
  2 yellow wasps (D)
  A centaur (D)
  2 crocodiles (D)
  A boring beetle (D)
  4 giant frogs (D)
  A crimson imp (D)
  2 hounds (D)
  A quasit (D)
  2 orc priests (D)
  A jelly (D)
  9 orc wizards (D)
  A sheep (D)
  An adder (D)
  6 orcs (D)
  A hobgoblin (D)
  A bat (D)
  A giant newt (D)
  2 goblins (D)
  A hobgoblin simulacrum (D)
  A hobgoblin skeleton (D)
  3 kobolds (D)
  A kobold skeleton (D)
  A quokka zombie (D)
  A rat (D)
259 creatures vanquished.

Vanquished Creatures (collateral kills)
  Boris (D)
  Jory (D)
  A tentacled monstrosity (D)
  A lich (D)
  A titan (D)
  A shadow dragon (D)
  Ilsuiw (D)
  A vault warden (D)
  A cacodemon (D)
  A merfolk javelineer (D)
  2 merfolk impalers (D)
  15 vault guards (D)
  2 naga warriors (D)
  A flayed ghost (D)
  2 griffons (D)
  A phantasmal warrior (D)
  A wolf spider (D)
  A moth of wrath (D)
  A vault sentinel (D)
  2 naga magi (D)
  A yaktaur (D)
  2 merfolk (D)
  A human skeleton (D)
  A water elemental (D)
  A redback (D)
  A naga (D)
45 creatures vanquished.

Vanquished Creatures (others)
  3 Executioners (D)
  5 balrugs (D)
  2 blizzard demons (D)
  3 green deaths (D)
  An ogre mage (D)
  A guardian serpent (D)
  A ynoxinul (D)
16 creatures vanquished.

Grand Total: 320 creatures vanquished

Notes
Turn   | Place    | Note
--------------------------------------------------------------
     0 | D        | BluebellGnoll, the High Elf Fire Elementalist, began the quest for the Orb.
     0 | D        | Reached XP level 1. HP: 11/11 MP: 4/4
    14 | D        | Reached skill level 4 in Spellcasting
   230 | D        | Noticed a centaur
   239 | D        | Killed a centaur
   239 | D        | Reached skill level 9 in Spellcasting
   239 | D        | Reached XP level 2. HP: 17/17 MP: 7/15
   239 | D        | Reached XP level 3. HP: 21/21 MP: 8/18
   239 | D        | Reached XP level 4. HP: 27/27 MP: 9/21
   257 | D        | Found a glowing silver altar of Zin.
   257 | D        | Found a glowing golden altar of the Shining One.
   257 | D        | Found an ancient bone altar of Kikubaaqudgha.
   257 | D        | Found a basalt altar of Yredelemnul.
   257 | D        | Found a shimmering altar of Xom.
   257 | D        | Found a radiant altar of Vehumet.
   257 | D        | Found an iron altar of Okawaru.
   258 | D        | Found a burning altar of Makhleb.
   259 | D        | Found a deep blue altar of Sif Muna.
   260 | D        | Found a bloodstained altar of Trog.
   261 | D        | Found a sparkling altar of Nemelex Xobeh.
   262 | D        | Found a white marble altar of Elyvilon.
   263 | D        | Found a roughly hewn altar of Beogh.
   264 | D        | Found a viscous altar of Jiyva.
   265 | D        | Found a corrupted altar of Lugonu.
   266 | D        | Found a blossoming altar of Fedhas.
   267 | D        | Became a worshipper of Makhleb the Destroyer
   280 | D        | Acquired Makhleb's first power
   298 | D        | Found a snail-covered altar of Cheibriados.
   299 | D        | Found a shadowy altar of Dithmenos.
   300 | D        | Found a stormy altar of Qazlal.
   301 | D        | Found an opulent altar of Gozag.
   339 | D        | Learned a level 2 spell: Throw Flame
   343 | D        | Learned a level 3 spell: Conjure Flame
   347 | D        | Learned a level 3 spell: Inner Flame
   352 | D        | Learned a level 4 spell: Sticky Flame
   353 | D        | Noticed a hippogriff
   353 | D        | Noticed a hound
   353 | D        | Noticed a jelly
   355 | D        | Killed a jelly
   357 | D        | Acquired Makhleb's second power
   363 | D        | Killed a hound
   363 | D        | Reached XP level 5. HP: 31/31 MP: 11/22
   368 | D        | Killed a hippogriff
   368 | D        | Acquired Makhleb's third power
   368 | D        | Reached skill level 10 in Conjurations
   368 | D        | Reached XP level 6. HP: 25/36 MP: 9/24
   374 | D        | Got the +2 cutlass of Currency {drain, rElec rPois MR+ Str+4 Stlth++}
   396 | D        | Learned a level 5 spell: Fireball
   444 | D        | Noticed an orc warrior
   444 | D        | Noticed a two-headed ogre
   444 | D        | Noticed a green ugly thing
   444 | D        | Noticed a hound
   444 | D        | Noticed a hill giant
   449 | D        | Killed a hill giant
   449 | D        | Acquired Makhleb's fourth power
   449 | D        | Reached skill level 12 in Spellcasting
   449 | D        | Reached XP level 7. HP: 41/41 MP: 19/29
   455 | D        | Killed a hound
   457 | D        | Killed a green ugly thing
   464 | D        | Killed a two-headed ogre
   464 | D        | Acquired Makhleb's fifth power
   464 | D        | Reached skill level 10 in Dodging
   464 | D        | Reached XP level 8. HP: 46/46 MP: 1/29
   532 | D        | Killed an orc warrior
   810 | D        | Learned a level 3 spell: Dazzling Spray
   816 | D        | Learned a level 5 spell: Iskenderun's Battlesphere
   816 | D        | Noticed a spiny frog
   816 | D        | Noticed a crocodile
   816 | D        | Noticed a crocodile
   816 | D        | Noticed a porcupine
   816 | D        | Noticed a water moccasin
   816 | D        | Noticed a giant frog
   817 | D        | Noticed a five-headed hydra
   819 | D        | Killed a giant frog
   824 | D        | Killed a water moccasin
   827 | D        | Killed a porcupine
   827 | D        | Reached skill level 5 in Fire Magic
   835 | D        | Killed a crocodile
   967 | D        | Killed a crocodile
   980 | D        | Noticed a yak
   984 | D        | Killed a spiny frog
  1197 | D        | Killed a five-headed hydra
  1197 | D        | Reached skill level 13 in Conjurations
  1197 | D        | Reached XP level 9. HP: 51/51 MP: 10/31
  1203 | D        | Learned a level 4 spell: Iskenderun's Mystic Blast
  1304 | D        | Killed a yak
  1357 | D        | Noticed a komodo dragon
  1357 | D        | Noticed a giant frog
  1357 | D        | Noticed an elephant
  1357 | D        | Noticed a boring beetle
  1357 | D        | Noticed a wolf
  1357 | D        | Noticed a yak
  1357 | D        | Noticed a hippogriff
  1367 | D        | Killed a hippogriff
  1380 | D        | Killed a yak
  1380 | D        | Killed a wolf
  1465 | D        | Killed a boring beetle
  1468 | D        | Killed an elephant
  1468 | D        | Reached skill level 14 in Spellcasting
  1473 | D        | Killed a giant frog
  1476 | D        | Killed a komodo dragon
  1476 | D        | Reached skill level 15 in Spellcasting
  1482 | D        | Noticed a griffon
  1491 | D        | Killed a griffon
  1491 | D        | Reached XP level 10. HP: 56/56 MP: 3/34
  1635 | D        | Noticed a spiny frog
  1635 | D        | Noticed a spiny frog
  1635 | D        | Noticed a vampire mosquito
  1635 | D        | Noticed a spiny frog
  1635 | D        | Noticed a giant frog
  1635 | D        | Noticed a giant frog
  1635 | D        | Noticed a blink frog
  1643 | D        | Noticed a vampire mosquito
  1643 | D        | Killed a spiny frog
  1645 | D        | Killed a blink frog
  1648 | D        | Killed a giant frog
  1648 | D        | Killed a giant frog
  1654 | D        | Killed a vampire mosquito
  1654 | D        | Reached skill level 10 in Stealth
  1656 | D        | Killed a spiny frog
  1824 | D        | Killed a spiny frog
  1841 | D        | Killed a vampire mosquito
  1915 | D        | Noticed Eustachio
  1922 | D        | Killed Eustachio
  1990 | D        | Noticed Psyche
  2000 | D        | Killed Psyche
  2000 | D        | Reached skill level 5 in Short Blades
  2081 | D        | Noticed an orc wizard
  2081 | D        | Noticed an orc wizard
  2081 | D        | Noticed an orc knight
  2081 | D        | Noticed an orc priest
  2081 | D        | Noticed an orc warrior
  2082 | D        | Noticed an orc wizard
  2088 | D        | Killed an orc warrior
  2102 | D        | Killed an orc priest
  2111 | D        | Killed an orc knight
  2121 | D        | Killed an orc wizard
  2121 | D        | Killed an orc wizard
  2144 | D        | Killed an orc wizard
  2221 | D        | Noticed an orc warrior
  2236 | D        | Killed an orc warrior
  2236 | D        | Reached skill level 1 in Fighting
  2307 | D        | Noticed an orc priest
  2308 | D        | Killed an orc priest
  2309 | D        | Noticed an orc wizard
  2310 | D        | Killed an orc wizard
  2384 | D        | Noticed an orc warrior
  2384 | D        | Noticed an orc warrior
  2384 | D        | Noticed an orc sorcerer
  2384 | D        | Noticed an orc warrior
  2384 | D        | Noticed an orc warrior
  2384 | D        | Noticed an orc warrior
  2384 | D        | Noticed an orc warrior
  2410 | D        | Killed an orc warrior
  2410 | D        | Killed an orc warrior
  2415 | D        | Killed an orc sorcerer
  2415 | D        | Reached skill level 5 in Fighting
  2436 | D        | Killed an orc warrior
  2482 | D        | Killed an orc warrior
  2499 | D        | Killed an orc warrior
  2499 | D        | Reached XP level 11. HP: 70/74 MP: 6/35
  2503 | D        | Killed an orc warrior
  2564 | D        | Noticed an orc wizard
  2566 | D        | Killed an orc wizard
  2598 | D        | Noticed an orc warrior
  2604 | D        | Killed an orc warrior
  2608 | D        | Noticed an orc warrior
  2618 | D        | Killed an orc warrior
  2672 | D        | Noticed an orc warrior
  2677 | D        | Killed an orc warrior
  2754 | D        | Noticed an orc knight
  2768 | D        | Killed an orc knight
  2912 | D        | Found Yxzae's Food Boutique.
  2912 | D        | Noticed an orc wizard
  2912 | D        | Noticed an orc sorcerer
  2912 | D        | Noticed an orc sorcerer
  2912 | D        | Noticed an orc sorcerer
  2912 | D        | Noticed an orc sorcerer
  2912 | D        | Noticed an orc sorcerer
  3026 | D        | Killed an orc sorcerer
  3032 | D        | Learned a level 4 spell: Fulminant Prism
  3046 | D        | Killed an orc sorcerer
  3046 | D        | Reached skill level 10 in Fighting
  3056 | D        | Killed an orc sorcerer
  3146 | D        | Killed an orc sorcerer
  3156 | D        | Killed an orc wizard
  3247 | D        | Killed an orc sorcerer
  3265 | D        | Noticed an orc sorcerer
  3267 | D        | Killed an orc sorcerer
  3397 | D        | Found Smookkaf's Assorted Antiques.
  3401 | D        | Found Roazoe's Food Boutique.
  3403 | D        | Noticed an orc sorcerer
  3405 | D        | Found Shatarchi's Magic Scroll Shop.
  3406 | D        | Noticed an orc wizard
  3407 | D        | Noticed an orc sorcerer
  3410 | D        | Killed an orc sorcerer
  3410 | D        | Killed an orc wizard
  3412 | D        | Killed an orc sorcerer
  3413 | D        | Noticed an orc sorcerer
  3414 | D        | Killed an orc sorcerer
  3419 | D        | Noticed an orc wizard
  3455 | D        | Killed an orc wizard
  3455 | D        | Reached skill level 10 in Short Blades
  3489 | D        | Noticed an orc wizard
  3490 | D        | Killed an orc wizard
  3578 | D        | Bought a murky cyan potion for 21 gold pieces
  3578 | D        | Bought a potion of resistance for 168 gold pieces
  3578 | D        | Bought a runed golden amulet for 120 gold pieces
  3578 | D        | Bought a slimy falchion for 192 gold pieces
  3583 | D        | Bought a scroll of immolation for 49 gold pieces
  3583 | D        | Bought a scroll of identify for 28 gold pieces
  3583 | D        | Bought a scroll of immolation for 49 gold pieces
  3583 | D        | Bought a scroll of recharging for 133 gold pieces
  3589 | D        | Identified the +2 falchion "Qaudofu" {flame, rPois} (You bought it in a shop in the Dungeon)
  3617 | D        | Noticed Erolcha
  3627 | D        | Killed Erolcha
  3627 | D        | Reached skill level 5 in Invocations
  3729 | D        | Noticed Joseph
  3736 | D        | Killed Joseph
  3969 | D        | Noticed a manticore
  3969 | D        | Noticed a black mamba
  3969 | D        | Noticed a red ugly thing
  3969 | D        | Noticed a komodo dragon
  3969 | D        | Noticed a rakshasa
  3969 | D        | Noticed an orc knight
  3970 | D        | Noticed an ice beast
  3971 | D        | Killed an orc knight
  3972 | D        | Noticed a slime creature
  3973 | D        | Killed a rakshasa
  3974 | D        | Noticed an ogre mage
  3975 | D        | Killed a komodo dragon
  3976 | D        | Noticed a stone giant
  3977 | D        | Killed a red ugly thing
  3978 | D        | Noticed an ice dragon
  3979 | D        | Killed a black mamba
  3979 | D        | Reached skill level 16 in Spellcasting
  3984 | D        | Killed a manticore
  3984 | D        | Killed an ice beast
  3984 | D        | Reached XP level 12. HP: 91/91 MP: 19/36
  3993 | D        | Killed a slime creature
  3993 | D        | Killed an ogre mage
  4027 | D        | Killed a stone giant
  4181 | D        | Noticed a dire elephant
  4352 | D        | Killed an ice dragon
  4352 | D        | Reached skill level 15 in Stealth
  4352 | D        | Reached skill level 17 in Spellcasting
  4383 | D        | Killed a dire elephant
  4407 | D        | Noticed a rakshasa
  4434 | D        | Killed a rakshasa
  4510 | D        | Noticed a deep troll earth mage
  4515 | D        | Killed a deep troll earth mage
  4515 | D        | Reached skill level 18 in Spellcasting
  4635 | D        | Noticed Harold
  4646 | D        | Killed Harold
  4725 | D        | Learned a level 2 spell: Searing Ray
  4728 | D        | Noticed a mermaid
  4728 | D        | Noticed a manticore
  4728 | D        | Noticed a water elemental
  4728 | D        | Noticed a merfolk aquamancer
  4728 | D        | Noticed a sea snake
  4728 | D        | Noticed a sea snake
  4729 | D        | Noticed a griffon
  4730 | D        | Noticed a merfolk
  4731 | D        | Killed a sea snake
  4733 | D        | Killed a sea snake
  4740 | D        | Killed a water elemental
  4742 | D        | Killed a merfolk aquamancer
  4746 | D        | Killed a manticore
  4748 | D        | Killed a mermaid
  4750 | D        | Killed a griffon
  4755 | D        | Killed a merfolk
  4780 | D        | Noticed a wolf spider
  4780 | D        | Noticed a redback
  4780 | D        | Noticed a wolf spider
  4780 | D        | Noticed a red wasp
  4780 | D        | Noticed an orb spider
  4781 | D        | Noticed a wolf spider
  4782 | D        | Killed an orb spider
  4783 | D        | Noticed an emperor scorpion
  4784 | D        | Noticed a trapdoor spider
  4793 | D        | Killed a trapdoor spider
  4797 | D        | Killed a red wasp
  4803 | D        | Killed a wolf spider
  4809 | D        | Killed a wolf spider
  4838 | D        | Killed an emperor scorpion
  4845 | D        | Killed a wolf spider
  4845 | D        | Reached skill level 15 in Dodging
  4845 | D        | Reached XP level 13. HP: 60/97 MP: 10/38
  4877 | D        | Killed a redback
  4916 | D        | Noticed a trapdoor spider
  4926 | D        | Killed a trapdoor spider
  5165 | D        | Noticed a raven
  5165 | D        | Noticed a vampire mosquito
  5165 | D        | Noticed a blink frog
  5165 | D        | Noticed a vampire mosquito
  5165 | D        | Noticed an eight-headed hydra
  5165 | D        | Noticed a spriggan druid
  5165 | D        | Noticed a giant leech
  5171 | D        | Killed a giant leech
  5173 | D        | Noticed a spriggan rider
  5173 | D        | Killed a spriggan druid
  5178 | D        | Killed a vampire mosquito
  5178 | D        | Killed an eight-headed hydra
  5184 | D        | Killed a blink frog
  5400 | D        | Killed a vampire mosquito
  5406 | D        | Killed a raven
  5410 | D        | Killed a spriggan
  5410 | D        | Killed a yellow wasp
  5512 | D        | Noticed a slime creature
  5516 | D        | Killed a slime creature
  5574 | D        | Noticed a black mamba
  5574 | D        | Noticed a naga mage
  5574 | D        | Noticed a shock serpent
  5574 | D        | Noticed a naga warrior
  5574 | D        | Noticed a naga
  5574 | D        | Noticed a naga warrior
  5574 | D        | Noticed a naga warrior
  5575 | D        | Noticed an anaconda
  5596 | D        | Killed a naga warrior
  5704 | D        | Killed a naga
  5718 | D        | Killed a naga warrior
  5756 | D        | Killed a naga warrior
  5920 | D        | Killed a shock serpent
  5965 | D        | Killed a naga mage
  5973 | D        | Killed an anaconda
  5973 | D        | Reached skill level 15 in Short Blades
  5986 | D        | Noticed a black mamba
  5986 | D        | Killed a black mamba
  5988 | D        | Killed a black mamba
  5988 | D        | Reached skill level 10 in Invocations
  6203 | D        | Noticed a dire elephant
  6203 | D        | Noticed a giant orange brain
  6203 | D        | Noticed a yaktaur
  6203 | D        | Noticed an ettin
  6203 | D        | Noticed a death yak
  6203 | D        | Noticed a deep elf priest
  6203 | D        | Noticed a wizard
  6204 | D        | Noticed an emperor scorpion
  6205 | D        | Killed a wizard
  6206 | D        | Noticed a vampire knight
  6207 | D        | Killed a deep elf priest
  6208 | D        | Noticed a fire giant
  6227 | D        | Killed a death yak
  6239 | D        | Killed an ettin
  6243 | D        | Killed a yaktaur
  6248 | D        | Killed a giant orange brain
  6272 | D        | Killed a dire elephant
  6272 | D        | Reached skill level 19 in Spellcasting
  6280 | D        | Killed a vampire knight
  6318 | D        | Killed an emperor scorpion
  6521 | D        | Noticed a sphinx
  6553 | D        | Killed a fire giant
  6628 | D        | Paralysed by a sphinx for 3 turns
  6638 | D        | Killed a sphinx
  6638 | D        | Reached skill level 20 in Spellcasting
  6746 | D        | Noticed a spriggan air mage
  6750 | D        | Noticed an ogre mage
  6753 | D        | Noticed an ice dragon
  6754 | D        | Noticed a stone giant
  6755 | D        | Killed an ogre mage
  6764 | D        | Noticed a centaur warrior
  6771 | D        | Killed a spriggan air mage
  7122 | D        | Killed an ice dragon
  7315 | D        | Killed a centaur warrior
  7478 | D        | Killed a stone giant
  7478 | D        | Reached skill level 21 in Spellcasting
  7478 | D        | Reached XP level 14. HP: 81/103 MP: 6/41
  8097 | D        | Bought a scroll of remove curse for 72 gold pieces
  8097 | D        | Bought a potion of magic for 132 gold pieces
  8097 | D        | Bought a scroll of remove curse for 72 gold pieces
  8102 | D        | Bought a scroll of amnesia for 49 gold pieces
  8102 | D        | Bought a scroll of identify for 28 gold pieces
  8481 | D        | Noticed an ice dragon
  8488 | D        | Noticed a stone giant
  8493 | D        | Killed an ice dragon
  8496 | D        | Killed a stone giant
  8651 | D        | Noticed a spiny frog
  8651 | D        | Noticed an unseen horror
  8651 | D        | Noticed a vampire mosquito
  8651 | D        | Noticed an ice dragon
  8651 | D        | Noticed a hill giant
  8651 | D        | Noticed a slime creature
  8664 | D        | Killed a slime creature
  8678 | D        | Noticed a centaur warrior
  8679 | D        | Noticed a rakshasa
  8680 | D        | Killed a hill giant
  8686 | D        | Killed an ice dragon
  8686 | D        | Killed a vampire mosquito
  8686 | D        | a spiny frog changed into a fire drake
  8687 | D        | Killed an unseen horror
  8689 | D        | Noticed an ironheart preserver
  8691 | D        | Reached skill level 22 in Spellcasting
  8694 | D        | Noticed a centaur warrior
  8694 | D        | Killed a centaur warrior
  8697 | D        | Noticed a centaur warrior
  8704 | D        | Noticed a centaur warrior
  8706 | D        | Noticed a centaur warrior
  8724 | D        | Killed a centaur warrior
  8758 | D        | Killed an ironheart preserver
  8764 | D        | Killed a centaur warrior
  8765 | D        | Killed a centaur warrior
  8769 | D        | Killed a centaur warrior
  8769 | D        | Killed a rakshasa
  8920 | D        | Noticed an ironbrand convoker
  8921 | D        | Noticed a flayed ghost
  8922 | D        | Noticed a vault warden
  8923 | D        | Noticed an ironheart preserver
  8924 | D        | Noticed a necromancer
  8925 | D        | Noticed a griffon
  8926 | D        | Noticed a wolf spider
  8927 | D        | Noticed a vault warden
  8928 | D        | Killed an ironbrand convoker
  8929 | D        | Noticed a griffon
  8938 | D        | Killed a flayed ghost
  8948 | D        | Killed an ironheart preserver
  8959 | D        | Killed a vault warden
  8961 | D        | Killed a necromancer
  8970 | D        | Killed a griffon
  8970 | D        | Killed a wolf spider
  8972 | D        | Noticed a vault sentinel
  8976 | D        | Killed a vault warden
  8978 | D        | Killed a griffon
  8985 | D        | Killed a vault sentinel
  9288 | D        | Noticed a spriggan rider
  9288 | D        | Noticed a six-headed hydra
  9288 | D        | Noticed a swamp dragon
  9288 | D        | Noticed an eight-headed hydra
  9288 | D        | Noticed a swamp dragon
  9288 | D        | Noticed a swamp dragon
  9288 | D        | Noticed a seven-headed hydra
  9289 | D        | Noticed a swamp dragon
  9290 | D        | Killed an eight-headed hydra
  9295 | D        | Killed a swamp dragon
  9298 | D        | Killed a swamp dragon
  9300 | D        | Noticed a seven-headed hydra
  9301 | D        | Killed an eight-headed hydra
  9303 | D        | Noticed a swamp dragon
  9304 | D        | Noticed a seven-headed hydra
  9304 | D        | Killed a swamp dragon
  9307 | D        | Noticed a six-headed hydra
  9308 | D        | Killed a seven-headed hydra
  9320 | D        | Killed a spriggan rider
  9320 | D        | Killed a yellow wasp
  9329 | D        | Killed a swamp dragon
  9461 | D        | Killed a ten-headed hydra
  9466 | D        | Killed a swamp dragon
  9468 | D        | Killed a seven-headed hydra
  9473 | D        | Killed a six-headed hydra
  9662 | D        | Noticed a four-headed hydra
  9666 | D        | Killed a four-headed hydra
  9681 | D        | Got a decaying rune of Zot
  9726 | D        | Noticed a greater naga
  9726 | D        | Noticed a naga mage
  9726 | D        | Noticed a naga mage
  9726 | D        | Noticed a naga warrior
  9726 | D        | Noticed a naga
  9726 | D        | Noticed a guardian serpent
  9726 | D        | Noticed a naga warrior
  9727 | D        | Noticed a naga mage
  9728 | D        | Killed a naga warrior
  9729 | D        | Noticed a naga warrior
  9736 | D        | Killed a guardian serpent
  9738 | D        | Killed a greater naga
  9740 | D        | Killed a naga mage
  9742 | D        | Killed a naga warrior
  9743 | D        | Killed a naga
  9746 | D        | Noticed a guardian serpent
  9747 | D        | Killed a naga warrior
  9751 | D        | Killed a naga mage
  9752 | D        | Killed a naga mage
  9755 | D        | Killed a guardian serpent
  9756 | D        | Noticed a naga
  9769 | D        | Killed a naga
  9910 | D        | Noticed a greater naga
  9916 | D        | Noticed a greater naga
  9926 | D        | Killed a greater naga
  9933 | D        | Killed a greater naga
  9940 | D        | Got a serpentine rune of Zot
 10025 | D        | Noticed Ilsuiw
 10025 | D        | Noticed a merfolk javelineer
 10025 | D        | Noticed a merfolk javelineer
 10025 | D        | Noticed a merfolk
 10025 | D        | Noticed a merfolk
 10025 | D        | Noticed a merfolk aquamancer
 10025 | D        | Noticed a merfolk impaler
 10030 | D        | Killed a merfolk aquamancer
 10087 | D        | Killed a merfolk javelineer
 10087 | D        | Reached XP level 15. HP: 105/108 MP: 20/42
 10152 | D        | Killed Ilsuiw
 10154 | D        | Killed a merfolk
 10184 | D        | Killed a merfolk javelineer
 10216 | D        | Killed a merfolk impaler
 10231 | D        | Noticed a merfolk aquamancer
 10235 | D        | Killed a merfolk aquamancer
 10298 | D        | Noticed a merfolk impaler
 10305 | D        | Killed a merfolk impaler
 10309 | D        | Killed a merfolk
 10316 | D        | Noticed a merfolk javelineer
 10326 | D        | Killed a merfolk javelineer
 10355 | D        | Noticed a merfolk impaler
 10368 | D        | Killed a merfolk impaler
 10410 | D        | Noticed a merfolk javelineer
 10411 | D        | Noticed a merfolk javelineer
 10428 | D        | Killed a merfolk javelineer
 10433 | D        | Killed a merfolk javelineer
 10446 | D        | Got a barnacled rune of Zot
 10687 | D        | Noticed a ghost moth
 10687 | D        | Noticed a moth of wrath
 10687 | D        | Noticed an emperor scorpion
 10687 | D        | Noticed a jumping spider
 10687 | D        | Noticed an emperor scorpion
 10687 | D        | Noticed an emperor scorpion
 10687 | D        | Noticed a demonic crawler
 10688 | D        | Noticed an emperor scorpion
 10689 | D        | Killed a demonic crawler
 10689 | D        | Reached skill level 1 in Throwing
 10690 | D        | Noticed a ghost moth
 10691 | D        | Killed an emperor scorpion
 10691 | D        | Reached skill level 5 in Throwing
 10692 | D        | Noticed a redback
 10693 | D        | Killed an emperor scorpion
 10701 | D        | Killed a jumping spider
 11002 | D        | Killed an emperor scorpion
 11131 | D        | Killed a ghost moth
 11131 | D        | Reached skill level 10 in Throwing
 11137 | D        | Killed a moth of wrath
 11344 | D        | Noticed a jumping spider
 11346 | D        | Noticed a jumping spider
 11347 | D        | Noticed an emperor scorpion
 11357 | D        | Killed an emperor scorpion
 11360 | D        | Killed a jumping spider
 11361 | D        | Killed a redback
 11363 | D        | Killed a jumping spider
 11363 | D        | Killed a ghost moth
 11388 | D        | Killed an emperor scorpion
 11527 | D        | Got a gossamer rune of Zot
 11758 | D        | Noticed a vault guard
 11758 | D        | Noticed a vault guard
 11758 | D        | Noticed a vault guard
 11758 | D        | Noticed a vault guard
 11758 | D        | Noticed a vault guard
 11758 | D        | Noticed a vault guard
 11758 | D        | Noticed a vault guard
 11759 | D        | Noticed a vault guard
 11760 | D        | Killed a vault guard
 11768 | D        | Killed a vault guard
 11769 | D        | Noticed a vault guard
 11771 | D        | Killed a vault guard
 11771 | D        | Killed a vault guard
 11774 | D        | Killed a vault guard
 11775 | D        | Killed a vault guard
 11776 | D        | Killed a vault guard
 11779 | D        | Killed a vault guard
 11779 | D        | Killed a vault guard
 11780 | D        | Killed a vault guard
 11785 | D        | Noticed a vault guard
 11788 | D        | Noticed a vault guard
 11792 | D        | Noticed a vault guard
 11796 | D        | Killed a vault guard
 11804 | D        | Killed a vault guard
 11810 | D        | Killed a vault guard
 11810 | D        | Reached skill level 15 in Fighting
 11862 | D        | Noticed a vault guard
 11863 | D        | Noticed a vault guard
 11864 | D        | Noticed a vault guard
 11865 | D        | Noticed a vault guard
 11866 | D        | Noticed a vault guard
 11867 | D        | Noticed a vault guard
 11868 | D        | Noticed a vault guard
 11873 | D        | Killed a vault guard
 11878 | D        | Noticed a vault guard
 11878 | D        | Killed a vault guard
 11880 | D        | Killed a vault guard
 11881 | D        | Killed a vault guard
 11883 | D        | Noticed a vault guard
 11883 | D        | Killed a vault guard
 11888 | D        | Killed a vault guard
 11890 | D        | Noticed a vault guard
 11891 | D        | Killed a vault guard
 11892 | D        | Noticed a vault guard
 11894 | D        | Killed a vault guard
 11896 | D        | Killed a vault guard
 11904 | D        | Killed a vault guard
 11908 | D        | Killed a vault guard
 12078 | D        | Noticed a vault guard
 12090 | D        | Killed a vault guard
 12121 | D        | Noticed an ironheart preserver
 12121 | D        | Noticed a shadow dragon
 12121 | D        | Noticed a lich
 12121 | D        | Noticed an ironheart preserver
 12121 | D        | Noticed a yaktaur
 12121 | D        | Noticed a phantasmal warrior
 12121 | D        | Noticed an orc knight
 12123 | D        | Noticed a vault warden
 12129 | D        | Noticed an ironbrand convoker
 12147 | D        | Killed an orc knight
 12147 | D        | Killed a phantasmal warrior
 12153 | D        | Killed a yaktaur
 12155 | D        | Noticed a Brimstone Fiend
 12331 | D        | Killed an ironheart preserver
 12357 | D        | Killed a lich
 12399 | D        | Killed a shadow dragon
 12413 | D        | Killed a vault warden
 12476 | D        | Killed an ironheart preserver
 12611 | D        | Killed an ironbrand convoker
 12618 | D        | Noticed a shadow wraith
 12627 | D        | Killed a shadow wraith
 12633 | D        | Noticed a deep troll
 12643 | D        | Killed a deep troll
 12643 | D        | Reached skill level 15 in Throwing
 12685 | D        | Noticed a shadow dragon
 12688 | D        | Noticed a vault sentinel
 12700 | D        | Noticed a shadow dragon
 12700 | D        | Killed a shadow dragon
 12719 | D        | Killed a vault sentinel
 12719 | D        | Reached XP level 16. HP: 130/130 MP: 43/43
 12746 | D        | Noticed an ironbrand convoker
 12746 | D        | Killed a shadow dragon
 12753 | D        | Killed an ironbrand convoker
 12765 | D        | Noticed an orc knight
 12772 | D        | Killed an orc knight
 12777 | D        | Noticed a deep elf conjurer
 12779 | D        | Killed a deep elf conjurer
 12805 | D        | Got a brightly glowing spear
 12882 | D        | Noticed a stone giant
 12882 | D        | Noticed a shadow dragon
 12882 | D        | Noticed a tentacled monstrosity
 12882 | D        | Noticed a titan
 12882 | D        | Noticed a shadow dragon
 12882 | D        | Noticed a shadow dragon
 12882 | D        | Noticed a vault warden
 12884 | D        | Noticed a shadow dragon
 12890 | D        | Killed a vault warden
 12899 | D        | Noticed a tentacled monstrosity
 12902 | D        | Killed a shadow dragon
 12942 | D        | Killed a shadow dragon
 13007 | D        | Killed a titan
 13062 | D        | Killed a tentacled monstrosity
 13099 | D        | Killed a shadow dragon
 13195 | D        | Killed a stone giant
 13247 | D        | Killed a shadow dragon
 13272 | D        | Killed a tentacled monstrosity
 13501 | D        | Got a pitted spear
 13506 | D        | Got a silver rune of Zot
 13514 | D        | Identified Vocided's Incunabulum of Protection and Feathers
 13535 | D        | Learned a level 2 spell: Repel Missiles
 13541 | D        | Learned a level 4 spell: Airstrike
 13636 | D        | Got the amulet of Qoujamom {+Rage rC+ Int-2}
 13638 | D        | Got the ring of Yguocvit {Dex+3 Int+3}
 13678 | D        | Got the ring of Xom's Passing Interest {MR+ Regen}
 13682 | D        | Got the amulet of Suspected Treachery {+Rage Str-4 Int+1}
 13685 | D        | Got the ring "Odduewum" {Wiz Slay-4}
 13830 | D        | Noticed Jory
 13830 | D        | Noticed Boris
 13830 | D        | Noticed Margery
 13830 | D        | Noticed a necromancer
 13835 | D        | Killed a necromancer
 13835 | D        | Reached skill level 1 in Charms
 13835 | D        | Reached skill level 1 in Air Magic
 13873 | D        | Killed Jory
 14398 | D        | Killed Boris
 14482 | D        | Noticed a necromancer
 14484 | D        | Killed a necromancer
 14485 | D        | Noticed a necromancer
 14493 | D        | Killed a necromancer
 14532 | D        | Killed Margery
 15474 | D        | Noticed a hell knight
 15475 | D        | Noticed Mennas
 15476 | D        | Noticed Norris
 15477 | D        | Noticed Nikola
 15478 | D        | Noticed Frederick
 15522 | D        | Killed a hell knight
 15646 | D        | HP: 9/198 [Mennas/blessed falchion of holy wrath (11)]
 15650 | D        | HP: 2/198 [Mennas/blessed falchion of holy wrath (4)]
 15650 | D        | Mangled by Mennas

Action                   |  1- 3 |  4- 6 |  7- 9 | 10-12 | 13-15 | 16-18 || total
-------------------------+-------+-------+-------+-------+-------+-------++-------
Melee: Short sword       |    12 |     9 |       |       |       |       ||    21
       Scimitar          |       |     3 |       |       |       |       ||     3
       Cutlass           |       |     2 |     4 |    72 |   214 |    52 ||   344
Throw: Tomahawk          |       |       |       |       |     2 |       ||     2
       Javelin           |       |       |       |       |    40 |    90 ||   130
 Cast: Flame Tongue      |     4 |    10 |    55 |    39 |     1 |       ||   109
       Conjure Flame     |       |     2 |     5 |     7 |    18 |     1 ||    33
       Sticky Flame      |       |     1 |     8 |    28 |    36 |     4 ||    77
       Inner Flame       |       |       |     5 |     3 |     3 |       ||    11
       Fireball          |       |       |     3 |    33 |    30 |    16 ||    82
       Throw Flame       |       |       |     6 |    28 |    15 |       ||    49
       Iskenderun's Batt |       |       |     4 |    24 |    37 |     3 ||    68
       Dazzling Spray    |       |       |     1 |    15 |    74 |    33 ||   123
       Iskenderun's Myst |       |       |       |    27 |    84 |     1 ||   112
       Searing Ray       |       |       |       |       |     6 |       ||     6
       Repel Missiles    |       |       |       |       |       |     1 ||     1
Invok: Greater Servant o |       |       |       |       |    13 |     8 ||    21
       Major Destruction |       |       |       |       |     1 |       ||     1
       Lesser Servant of |       |       |       |       |       |     1 ||     1
Evoke: Wand              |       |       |       |     4 |     6 |     4 ||    14
  Use: Potion            |     3 |     1 |       |     3 |     4 |     9 ||    20
       Scroll            |       |       |       |     3 |     6 |     3 ||    12
 Stab: Sleeping          |     1 |       |     1 |     9 |    10 |       ||    21
       Distracted        |       |       |       |     1 |       |       ||     1
       Invisible         |       |       |       |     5 |    25 |     6 ||    36
